 Dungeon Crawl Stone Soup version 0.18-a0-5-gf1fb587 (webtiles) character file.

45492 xeno23 the Jinx (level 14, -6/70 HPs)
             Began as a Spriggan Enchanter on Oct 31, 2015.
             Was a High Priest of Dithmenos.
             Killed from afar by a frost giant (52 damage)
             ... with a bolt of cold
             ... in an ice cave.
             The game lasted 02:19:22 (17632 turns).

xeno23 the Jinx (Spriggan Enchanter)               Turns: 17632, Time: 02:19:22

Health: -6/70      AC:  3    Str:  4    XL:     14   Next: 1%
Magic:  4/24       EV: 32    Int: 17    God:    Dithmenos [*****.]
Gold:   1126       SH:  0    Dex: 21    Spells: 5 memorised, 13 levels left

rFire  . . .     SeeInvis +     a - +3 short sword (speed)
rCold  . . .     Clarity  +     b - +1 robe
rNeg   . . .     SustAt   .     (shield restricted)
rPois  .         Gourm    .     (helmet restricted)
rElec  .         Spirit   .     (no cloak)
rCorr  .         Warding  .     (gloves unavailable)
rMut   .         Stasis   .     (boots unavailable)
MR     ++...                    r - amulet of clarity
Stlth  ++++++++++               Q - ring of stealth
                                x - ring of stealth

@: wreathed by umbra, very quick, very resistant to hostile enchantments,
uncannily stealthy
A: unfitting armour, see invisible, herbivore 3, speed 3, slow metabolism 2
a: Shadow Step, Shadow Form, Renounce Religion


You were in an ice cave.
You worshipped Dithmenos.
Dithmenos was extremely pleased with you.
You were not hungry.

You visited 3 branches of the dungeon, and saw 17 of its levels.
You also visited: Ice Cave and Volcano.

You collected 1126 gold pieces.

Inventory:

Hand Weapons
 a - a +3 short sword of speed (weapon)
 m - a +0 dagger of venom
 p - a +2 hunting sling of freezing
Missiles
 q - 324 stones (quivered)
Armour
 b - a +1 robe (worn)
Jewellery
 r - an amulet of clarity (around neck)
 x - a ring of stealth (left hand)
 I - an uncursed ring of flight
 Q - a ring of stealth (right hand)
Wands
 d - a wand of teleportation (6)
 k - a wand of disintegration (11)
 w - a wand of frost (18)
 y - a wand of draining (7)
 H - a wand of polymorph (15)
 J - a wand of disintegration (12)
Scrolls
 e - 3 scrolls of blinking
 f - 2 scrolls of recharging
 h - 7 scrolls of teleportation
 i - a scroll of enchant armour
 j - a scroll of identify
 n - 2 scrolls of enchant weapon
 s - 5 scrolls of remove curse
 B - 3 scrolls of magic mapping
Potions
 g - 5 potions of heal wounds
 l - a potion of mutation
 o - a potion of might {unknown}
 t - a potion of ambrosia {unknown}
 v - 3 potions of magic {unknown}
 z - 2 potions of curing
 A - a potion of resistance {unknown}
 M - a potion of agility {unknown}
 S - 2 potions of berserk rage
 U - a potion of experience {unknown}
 Y - a potion of lignification {unknown}
Books
 c - a book of Maledictions

   Spells                             Type                      Level
   a - Corona                         Hexes                        1
   b - Ensorcelled Hibernation        Hexes/Ice                    2
   c - Confuse                        Hexes                        3
   d - Tukima's Dance                 Hexes                        3
   e - Dazzling Spray                 Conjuration/Hexes            3
 u - a book of Changes

   Spells                             Type                      Level
   a - Beastly Appendage              Transmutation                1
   b - Sticks to Snakes               Transmutation                2
   c - Spider Form                    Transmutation/Poison         3
   d - Ice Form                       Ice/Transmutation            4
   e - Blade Hands                    Transmutation                5
 C - a book of Clouds

   Spells                             Type                      Level
   a - Mephitic Cloud                 Conjuration/Poison/Air       3
   b - Conjure Flame                  Conjuration/Fire             3
   c - Poisonous Cloud                Conjuration/Poison/Air       6
   d - Freezing Cloud                 Conjuration/Ice/Air          6
   e - Ring of Flames                 Charms/Fire                  7
 D - a book of the Sky

   Spells                             Type                      Level
   a - Summon Lightning Spire         Summoning/Air                4
   b - Airstrike                      Air                          4
   c - Silence                        Hexes/Air                    5
   d - Deflect Missiles               Charms/Air                   6
   e - Conjure Ball Lightning         Conjuration/Air              6
   f - Tornado                        Air                          9
 F - a book of Unlife

   Spells                             Type                      Level
   a - Recall                         Summoning/Translocation      3
   b - Animate Dead                   Necromancy                   4
   c - Control Undead                 Necromancy                   4
   d - Cigotuvi's Embrace             Necromancy                   5
   e - Death Channel                  Necromancy                   6
   f - Simulacrum                     Ice/Necromancy               6
 G - a book of the Tempests

   Spells                             Type                      Level
   a - Static Discharge               Conjuration/Air              3
   b - Lightning Bolt                 Conjuration/Air              5
   c - Fireball                       Conjuration/Fire             5
   d - Tornado                        Air                          9
   e - Shatter                        Earth                        9
 L - a book of Summonings

   Spells                             Type                      Level
   a - Recall                         Summoning/Translocation      3
   b - Aura of Abjuration             Summoning                    5
   c - Shadow Creatures               Summoning                    5
   d - Summon Demon                   Summoning                    5
   e - Summon Forest                  Summoning/Translocation      5
   f - Summon Mana Viper              Hexes/Summoning              5
 N - a book of the Warp

   Spells                             Type                      Level
   a - Recall                         Summoning/Translocation      3
   b - Gell's Gravitas                Hexes/Translocation          3
   c - Force Lance                    Conjuration/Translocation    4
   d - Phase Shift                    Translocation                5
   e - Warp Weapon                    Charms/Translocation         5
   f - Summon Forest                  Summoning/Translocation      5
 O - a book of Transfigurations

   Spells                             Type                      Level
   a - Stoneskin                      Transmutation/Earth          2
   b - Irradiate                      Conjuration/Transmutation    5
   c - Statue Form                    Transmutation/Earth          6
   d - Hydra Form                     Transmutation                6
   e - Dragon Form                    Transmutation                7
 Z - a book of Beasts

   Spells                             Type                      Level
   a - Summon Butterflies             Summoning                    1
   b - Call Canine Familiar           Summoning                    3
   c - Summon Ice Beast               Ice/Summoning                4
   d - Summon Mana Viper              Hexes/Summoning              5
   e - Summon Hydra                   Summoning                    7
Comestibles
 W - 2 bread rations


   Skills:
 + Level 6.0 Fighting
 * Level 12.8 Short Blades
 + Level 13.2 Dodging
 + Level 14.1 Stealth
 - Level 6.0 Spellcasting
 - Level 5.1 Conjurations
 * Level 14.4 Hexes
 - Level 1.0 Ice Magic
 - Level 3.5 Invocations
 - Level 5.0 Evocations


You had 13 spell levels left.
You knew the following spells:

 Your Spells              Type           Power        Failure   Level  Hunger
a - Corona                Hex            ######.      1%          1    None
c - Confuse               Hex            ######..     1%          3    ##.....
d - Tukima's Dance        Hex            ######..     1%          3    ##.....
q - Dazzling Spray        Conj/Hex       #####...     1%          3    ##.....
s - Ensorcelled Hibernat  Hex/Ice        ####..       1%          2    None


Dungeon Overview and Level Annotations

Branches:
Dungeon (8/15)             Temple (1/1) D:7            Lair (8/8) D:8
 Shoals (0/4) Lair:6        Snake (0/4) Lair:6        Slime (0/6) Lair:7

Altars:
Ashenzari
Cheibriados
Dithmenos
Elyvilon
Gozag
Makhleb
Nemelex Xobeh
Okawaru
Qazlal
Ru
Sif Muna
Trog
Vehumet
Xom
Yredelemnul
Zin
The Shining One
Jiyva

Annotations:
D:8 Gastronok; cireshan's ghost, novice DECj
Lair:2 glosham's ghost, journeyman DgMo
Lair:7 1 runed door


Innate Abilities, Weirdness & Mutations

You are tiny and cannot use many weapons and most armour.
You have supernaturally acute eyesight.
You are a herbivore.
You cover ground extremely quickly.
You need consume almost no food.


Message History

The frost giant resists with almost no effort.
Casting: Confuse
Confirm with . or Enter, or press ? or * to list all spells.
Aiming: Confuse
Press: ? - help, Shift-Dir - straight line, f/p - frost giant
Aim: a frost giant, wielding a battleaxe of freezing (umbra, chance to defeat MR: 23%)
The frost giant resists with almost no effort.
You see here a polar bear skeleton.
The frost giant casts a spell at you. The bolt of cold misses you.
Casting: Confuse
Confirm with . or Enter, or press ? or * to list all spells.
Aiming: Confuse
Press: ? - help, Shift-Dir - straight line, f/p - frost giant
Aim: a frost giant, wielding a battleaxe of freezing (umbra, chance to defeat MR: 23%)
The frost giant resists with almost no effort.
The frost giant gestures at you while chanting.
The bolt of cold hits you!
Ouch! That really hurt!
You die...

##### ########## ##.#.##
###..÷##÷.@########.#.⌠.# #
###...##÷C÷##...#..#.###.###≈
#....##########..#..#######≈≈
#.....## #..#####.≈≈#≈≈≈#
#....# ##..##..≈#≈≈≈≈## ###..
###...##≈≈≈#≈≈# ##
#####≈≈≈####≈ #≈≈#≈≈≈≈ ##
≈≈≈≈≈≈≈≈≈###


You could see a frost giant.

Vanquished Creatures
  The ghost of glosham the Martial Artist, a journeyman DgMo (Lair:3)
  4 hydras
  An ice dragon (Lair:8)
  3 death yaks
  A fire crab (Lair:6)
  A mana viper (Lair:6)
  A wolf spider (Lair:7)
  The ghost of PeterLawrence the Basher, a novice GrFi (D:5)
  A siren (Lair:6)
  5 black mambas
  11 spiny frogs
  4 komodo dragons
  3 fire drakes
  15 polar bears
  Prince Ribbit (D:8)
  A merfolk (Lair:6)
  11 blink frogs
  2 spriggans (Lair:6)
  74 yaks
  2 flying skulls (Volcano)
  3 vampires (Volcano)
  A wyvern (D:6)
  Eustachio (D:6)
  23 wolves
  4 basilisks
  3 vampire mosquitoes (Lair:1)
  3 hippogriffs
  3 insubstantial wisps (Lair:1)
  18 water moccasins
  2 spiders (Lair:8)
  2 phantoms
  4 ogres
  A wasp (Lair:8)
  A necrophage (D:7)
  2 orc warriors
  A black bear (Lair:6)
  8 porcupines
  An ice beast (D:8)
  14 crocodiles
  A big kobold (D:8)
  15 giant frogs
  The ghost of Goblin1989 the Twirler, an amateur GrGl (D:3)
  7 centaurs
  A scorpion (D:6)
  6 electric eels
  2 giant frog zombies
  2 crimson imps
  4 hounds
  A jelly (D:8)
  4 orc wizards
  A centaur skeleton (D:5)
  2 orc priests
  8 worker ants
  7 iguanas
  23 sheep
  A hound zombie (D:5)
  A hound skeleton (D:6)
  A mummy (Volcano)
  13 adders
  9 gnolls
  A shadow imp (D:6)
  60 river rats
  An adder skeleton (D:4)
  4 worms
  6 giant geckos
  29 orcs
  3 giant cockroaches
  4 hobgoblins
  4 jackals (D:7)
  11 kobolds
  7 quokkas
  2 ball pythons
  7 bats
  4 giant gecko skeletons
  A giant gecko zombie (D:5)
  5 giant newts
  11 goblins
  5 rats
  A fungus (Lair:7)
514 creatures vanquished.

Vanquished Creatures (collateral kills)
  A gnoll (D:6)
1 creature vanquished.

Vanquished Creatures (others)
  2 polar bears (IceCv)
  2 fire vortices (Lair:5)
  6 fungi
  7 plants
17 creatures vanquished.

Grand Total: 532 creatures vanquished

Notes
Turn   | Place    | Note
--------------------------------------------------------------
     0 | D:1      | xeno23 the Spriggan Enchanter began the quest for the Orb.
     0 | D:1      | Reached XP level 1. HP: 9/9 MP: 5/5
   476 | D:1      | Reached XP level 2. HP: 13/13 MP: 4/6
   480 | D:1      | Learned a level 2 spell: Ensorcelled Hibernation
   706 | D:1      | Reached XP level 3. HP: 8/16 MP: 6/8
  1155 | D:2      | Reached skill level 5 in Stealth
  1501 | D:2      | Reached skill level 1 in Ice Magic
  1716 | D:2      | Reached XP level 4. HP: 19/21 MP: 9/9
  2396 | D:3      | Noticed Goblin1989's ghost (amateur GrGl)
  2451 | D:4      | Reached XP level 5. HP: 11/24 MP: 9/11
  2538 | D:4      | Learned a level 3 spell: Confuse
  2548 | D:4      | Noticed an orc warrior
  2883 | D:3      | Killed Goblin1989's ghost
  2883 | D:3      | Reached skill level 5 in Dodging
  3642 | D:4      | Killed an orc warrior
  3642 | D:4      | Reached skill level 6 in Stealth
  3642 | D:4      | Reached skill level 5 in Hexes
  3642 | D:4      | Reached XP level 6. HP: 23/28 MP: 5/13
  4138 | D:4      | Noticed an ogre
  4145 | D:4      | Killed an ogre
  4167 | D:4      | Reached XP level 7. HP: 28/32 MP: 11/14
  4193 | D:4      | Noticed a phantom
  4228 | D:4      | Killed a phantom
  4461 | D:5      | Entered Level 5 of the Dungeon
  4506 | D:5      | Reached skill level 7 in Stealth
  4624 | D:5      | Reached skill level 5 in Spellcasting
  4711 | D:5      | Reached XP level 8. HP: 36/36 MP: 13/16
  4925 | D:5      | Reached skill level 8 in Stealth
  4947 | D:5      | Noticed PeterLawrence's ghost (novice GrFi)
  4957 | D:5      | Learned a level 3 spell: Tukima's Dance
  5090 | D:5      | Killed PeterLawrence's ghost
  5124 | D:5      | Learned a level 3 spell: Dazzling Spray
  5307 | D:6      | Reached skill level 5 in Short Blades
  5539 | D:6      | Noticed Eustachio
  5554 | D:6      | Killed Eustachio
  5554 | D:6      | Reached skill level 9 in Stealth
  5707 | D:6      | Reached XP level 9. HP: 35/39 MP: 12/19
  6045 | D:7      | Reached skill level 1 in Conjurations
  6170 | D:8      | Noticed Prince Ribbit
  6176 | D:8      | Killed Prince Ribbit
  6176 | D:8      | Reached skill level 1 in Fighting
  6176 | D:8      | Reached skill level 10 in Stealth
  6255 | D:8      | Noticed cireshan's ghost (novice DECj)
  6552 | D:8      | Found a staircase to the Lair.
  6566 | D:8      | Noticed a death yak
  6796 | D:7      | Found a glowing silver altar of Zin.
  6797 | D:7      | Found a burning altar of Makhleb.
  6798 | D:7      | Noticed a balrug
  6798 | D:7      | Noticed an angel
  6813 | D:7      | Found a snail-covered altar of Cheibriados.
  6815 | D:7      | Found a shimmering altar of Xom.
  6819 | D:7      | Found a radiant altar of Vehumet.
  7069 | D:7      | Found a staircase to the Ecumenical Temple.
  7098 | Temple   | Entered the Ecumenical Temple
  7195 | Temple   | Became a worshipper of Dithmenos the Shadowed
  7307 | D:8      | Noticed Gastronok
  7511 | D:8      | Reached XP level 10. HP: 40/46 MP: 15/20
  7793 | Lair:1   | Entered Level 1 of the Lair of Beasts
  8791 | Lair:1   | Reached * piety under Dithmenos
  8905 | Lair:2   | Noticed glosham's ghost (journeyman DgMo)
  9093 | Lair:2   | Reached skill level 10 in Hexes
  9126 | Lair:2   | Reached skill level 11 in Stealth
  9295 | Lair:2   | Noticed a black mamba
  9301 | Lair:2   | Killed a black mamba
  9303 | Lair:2   | Reached skill level 10 in Dodging
  9307 | Lair:2   | Reached XP level 11. HP: 46/51 MP: 3/21
  9881 | Lair:3   | Reached ** piety under Dithmenos
 10726 | Lair:4   | Reached skill level 5 in Conjurations
 11915 | Lair:2   | Reached skill level 1 in Invocations
 11982 | Lair:3   | Killed glosham's ghost
 11982 | Lair:3   | Reached skill level 10 in Short Blades
 12039 | Lair:5   | Reached *** piety under Dithmenos
 12125 | Lair:5   | Reached skill level 12 in Stealth
 12172 | Lair:5   | Reached XP level 12. HP: 58/58 MP: 15/22
 12263 | Lair:5   | Noticed a death yak
 12266 | Lair:5   | Noticed a death yak
 12267 | Lair:5   | Noticed a death yak
 12267 | Lair:5   | Noticed a death yak
 12268 | Lair:5   | Noticed a death yak
 12529 | Lair:5   | Killed a death yak
 12730 | Lair:5   | Found a dark tunnel.
 12746 | Volcano  | Entered a volcano
 13217 | Lair:6   | Noticed an eight-headed hydra
 13486 | Lair:6   | Killed an eight-headed hydra
 13486 | Lair:6   | Reached skill level 1 in Evocations
 13711 | Lair:6   | Noticed a four-headed hydra
 13722 | Lair:6   | Killed a four-headed hydra
 13747 | Lair:6   | Noticed an eight-headed hydra
 13768 | Lair:6   | Killed an eight-headed hydra
 13784 | Lair:6   | Found a staircase to the Shoals.
 14028 | Lair:6   | Reached **** piety under Dithmenos
 14094 | Lair:6   | Found a staircase to the Snake Pit.
 14106 | Lair:6   | Reached skill level 13 in Stealth
 14394 | Lair:6   | Reached XP level 13. HP: 43/63 MP: 20/23
 15117 | Lair:7   | Reached skill level 5 in Fighting
 15733 | Lair:7   | Found a runed door.
 15733 | Lair:7   | Found a viscous altar of Jiyva.
 15733 | Lair:7   | Found a staircase to the Slime Pits.
 15733 | Lair:7   | Noticed an acid blob
 15733 | Lair:7   | Noticed an acid blob
 16077 | Lair:8   | Entered Level 8 of the Lair of Beasts
 16209 | Lair:8   | Reached ***** piety under Dithmenos
 16370 | Lair:8   | Found a frozen archway.
 16384 | Lair:8   | Reached skill level 14 in Hexes
 16414 | IceCv    | Entered an ice cave
 17010 | IceCv    | Reached skill level 5 in Evocations
 17255 | IceCv    | Noticed a frost giant
 17344 | IceCv    | Reached XP level 14. HP: 37/70 MP: 4/24
 17632 | IceCv    | Killed from afar by a frost giant

Vault maps used:
D:1:      lightli_iron_boxes
D:2:      first_bread
D:3:      nrook_mini_vaults, solitary_fountain
D:5:      minmay_misc_feat_nine_boxes
D:6:      kennysheep_windowed_goal, uniq_eustachio
D:7:      grunt_temple_overflow_order_and_chaos_2, grunt_temple_overflow_open,
          temple_hall
D:8:      wad_woods_settlement, dpeg_lair_monsters, uniq_gastronok,
          uniq_prince_ribbit1
Temple:   zaba_magenta_temple_12
Lair:1:   pond
Lair:5:   serial_bayou, serial_bayou_shore_a, serial_bayou_shore_b,
          serial_bayou_crossing, serial_bayou_shore_b, serial_bayou_pond_b,
          serial_bayou_pond_a, lightli_volcano_entry_magma_tube
Lair:6:   elwin_shoals_entry_rooms, dummy_snake_entry, forest_entry_grove,
          grunt_megastairs_1, infiniplex_staircase_pool
Lair:7:   minmay_lair_venomous_thicket, slime_altar_2, serial_bayou_shore_b
Lair:8:   hangedman_lair_tendril_chambers, wormcave,
          portal_ice_cave_entry_animals_and_master
IceCv:    ice_cave_caverns_03
Volcano:  volcano_tomb

Action                   |  1- 3 |  4- 6 |  7- 9 | 10-12 | 13-15 || total
-------------------------+-------+-------+-------+-------+-------++-------
Melee: Dagger            |    95 |    39 |   251 |    22 |       ||   407
       Short sword       |     1 |    77 |   120 |   567 |   424 ||  1189
 Fire: Hunting sling     |       |       |       |    10 |       ||    10
 Cast: Corona            |    13 |     5 |     2 |       |       ||    20
       Ensorcelled Hiber |     5 |    21 |    15 |    47 |    39 ||   127
       Confuse           |       |     8 |    31 |    82 |    34 ||   155
       Tukima's Dance    |       |       |     5 |     1 |       ||     6
       Dazzling Spray    |       |       |     7 |    13 |    24 ||    44
Invok: Shadow Step       |       |       |       |     3 |     4 ||     7
Evoke: Wand              |       |       |       |     3 |     3 ||     6
  Use: Scroll            |     4 |     2 |     2 |     7 |     8 ||    23
 Stab: Sleeping          |    17 |    17 |    37 |   127 |    66 ||   264
       Distracted        |     1 |       |     1 |     1 |     3 ||     6
       Confused          |       |     3 |    22 |    51 |    23 ||    99
       Invisible         |       |       |     3 |     8 |    11 ||    22
  Eat: Pizza             |       |     1 |       |       |     1 ||     2
       Bread ration      |       |     1 |     1 |     1 |     1 ||     4
       Royal jelly       |       |       |       |     1 |       ||     1
